Map: Fields of Death

Players

Manta - Winner!

  • Race: Zerg Zerg
  • League: Silver

Corbin - Winner!

  • Race: Protoss Protoss

PremoVice

  • Race: Terran Terran

SHIPWRECK

  • Race: Zerg Zerg

VOD

Have the link to the VOD?

Description

Time

  • Played on: Feb. 14, 2016, 6:38 p.m.
  • Length: 16:55
Show
View Real Time Build Order
Export as new Build Order

Manta Zerg - Winner!

Build Orders: Pool First 

Get SALT Encoding   

  12  0:02  Drone  
  13  0:19  Drone  
  14  0:22  Overlord, Extractor  
  13  0:49  Drone x2  
  16  0:50  Drone  
  16  0:57  Spawning Pool  
  16  1:01  Drone  
  16  1:15  Drone  
  17  1:28  Drone  
  18  1:45  Zergling x2  
  18  1:46  Zergling x2  
  20  1:47  Queen  
  20  1:51  Hatchery  
  21  1:55  Metabolic Boost  
  21  1:59  Drone  
  22  2:07  Baneling Nest  
  21  2:10  Drone  
  22  2:23  Overlord  
  22  2:36  Extractor  
  21  2:37  Drone  
  21  2:41  Queen  
  24  2:50  Drone x2  
  26  3:00  Drone x2  
  26  3:02  Drone  
  29  3:17  Zergling x2  
  29  3:19  Drone x3  
  33  3:20  Queen  
  35  3:35  Drone  
  35  3:36  Overlord x2  
  36  4:00  Drone x3  
  36  4:01  Drone x3  
  42  4:11  Drone  
  43  4:24  Hatchery  
  42  4:25  Drone  
  42  4:26  Drone  
  42  4:27  Drone x3  
  47  4:33  Lair  
  47  4:55  Overlord x2  
  47  4:56  Overlord x3  
  46  5:26  Drone  
  47  5:31  Drone  
  47  5:32  Drone x2  
  47  5:33  Extractor  
  49  5:39  Queen  
  49  5:40  Drone  
  49  5:41  Drone x6  
  58  5:45  Spire  
  57  6:05  Extractor  
  57  6:06  Drone x4  
  57  6:09  Drone x6  
  57  6:10  Drone x2  
  68  6:27  Spire  
  68  6:29  Drone x2  
  68  6:30  Drone, Extractor  
  69  6:33  Drone  
  69  6:34  Extractor  
  69  6:35  Drone x2  
  69  6:37  Overlord x3  
  71  6:45  Queen  
  73  6:48  Hatchery  
  72  6:57  Drone x2  
  72  6:59  Drone  
  72  7:00  Mutalisk x2  
  72  7:01  Mutalisk x5  
  89  7:27  Mutalisk x6  
  89  7:28  Mutalisk x2  
  105  7:41  Zerg Flyer Weapons Level 1  
  103  8:18  Overlord  
  103  8:20  Pneumatized Carapace  
  103  8:22  Overseer  
  103  9:22  Zerg Flyer Armor Level 1  
  103  9:24  Hatchery  
  103  9:25  Mutalisk x2  
  103  9:26  Mutalisk x6  
  103  9:30  Overlord x3  
  103  9:31  Overlord x5  
  118  9:33  Overlord x3  
  118  9:35  Hatchery, Overseer  
  117  9:56  Drone x6  
  117  9:58  Drone x5  
  128  10:00  Mutalisk x6  
  128  10:01  Mutalisk x6  
  152  10:11  Extractor  
  151  10:22  Extractor  
  151  10:27  Extractor  
  149  10:53  Drone  
  149  10:55  Drone x2  
  152  10:57  Drone x3  
  152  11:00  Extractor  
  152  11:02  Drone x3  
  152  11:03  Mutalisk x2  
  152  11:04  Mutalisk x6  
  173  11:12  Queen x2  
  177  11:20  Zerg Flyer Weapons Level 2  
  177  11:22  Zerg Flyer Armor Level 2  
  177  11:39  Mutalisk x2  
  177  11:40  Mutalisk x4  
  177  11:42  Zergling x4  
  177  11:43  Zergling x14  
  177  11:44  Zergling x2  
  146  12:42  Mutalisk x2  
  146  12:43  Mutalisk x6  
  146  12:44  Mutalisk x7  
  156  13:19  Overlord, Mutalisk x3  
  158  13:20  Mutalisk x7  
  176  13:48  Mutalisk x3  
  176  13:49  Mutalisk x4  
  190  13:57  Infestation Pit  
  189  14:22  Mutalisk  
  189  14:23  Mutalisk x4  
  199  14:34  Hatchery  
  178  15:15  Mutalisk x2  
  178  15:16  Mutalisk x7  
  178  15:17  Mutalisk  
Show
View Real Time Build Order
Export as new Build Order

Corbin Protoss - Winner!

Build Orders:  

Get SALT Encoding   

  12  0:12  Pylon  
  12  0:28  Pylon  
  12  0:36  Gateway  
  12  0:49  Forge  
  12  1:01  Probe (Chrono Boost)  
  13  1:09  Assimilator  
  13  1:11  Probe (Chrono Boost)  
  13  1:16  Assimilator  
  14  1:22  Probe (Chrono Boost)  
  15  1:25  Pylon  
  16  1:32  Probe (Chrono Boost)  
  16  1:47  Photon Cannon  
  16  2:01  Photon Cannon  
  16  2:12  Photon Cannon  
  16  2:28  Photon Cannon  
  16  2:40  Pylon  
  16  2:50  Cybernetics Core  
  16  3:04  Pylon  
  16  3:30  Robotics Facility  
  16  3:37  Robotics Facility  
  16  4:28  Immortal (Chrono Boost)  
  16  4:29  Immortal (Chrono Boost)  
  24  4:57  Mothership Core  
  30  5:13  Immortal (Chrono Boost)  
  34  5:29  Immortal (Chrono Boost)  
  38  6:17  Immortal (Chrono Boost)  
  38  6:20  Immortal (Chrono Boost)  
  46  6:58  Immortal (Chrono Boost)  
  46  7:12  Immortal (Chrono Boost)  
  50  7:43  Immortal (Chrono Boost)  
  54  7:49  Pylon  
  55  8:23  Observer x2 (Chrono Boost)  
  56  9:30  Pylon  
  56  9:31  Immortal (Chrono Boost)  
  60  9:34  Pylon  
  60  9:49  Immortal (Chrono Boost)  
  68  10:12  Immortal (Chrono Boost)  
  68  10:24  Immortal (Chrono Boost)  
  76  11:41  Immortal (Chrono Boost)  
  76  11:46  Pylon  
  76  11:51  Pylon  
  76  12:05  Immortal (Chrono Boost)  
  84  12:20  Immortal (Chrono Boost)  
  84  12:39  Immortal (Chrono Boost)  
  88  12:56  Observer (Chrono Boost)  
  89  13:13  Immortal (Chrono Boost)  
  89  13:18  Observer (Chrono Boost)  
  94  14:29  Immortal (Chrono Boost)  
  44  16:02  Immortal (Chrono Boost)  
  40  16:07  Immortal (Chrono Boost)  
Show
View Real Time Build Order
Export as new Build Order

PremoVice Terran 

Build Orders: MMM Bio 

Get SALT Encoding   

  12  0:00  SCV  
  13  0:12  SCV  
  14  0:27  Supply Depot  
  14  0:29  SCV  
  15  0:49  SCV  
  16  0:50  Barracks  
  16  1:01  SCV  
  17  1:04  Refinery  
  17  1:06  Refinery  
  17  1:13  SCV  
  18  1:25  Engineering Bay, SCV  
  19  1:37  SCV  
  20  1:40  Supply Depot  
  20  1:47  Barracks  
  21  1:59  Orbital Command  
  20  2:04  Supply Depot  
  20  2:06  Marine  
  21  2:19  Barracks  
  21  2:24  Marine  
  22  2:39  SCV  
  22  2:41  Marine  
  22  2:43  Terran Infantry Weapons Level 1  
  24  2:49  Marine  
  24  2:51  SCV  
  26  2:59  Marine  
  26  3:03  SCV  
  28  3:06  Barracks Tech Lab, Marine  
  28  3:12  Barracks  
  29  3:17  Marine  
  30  3:24  Marine  
  31  3:32  Marine  
  31  3:34  Combat Shields  
  32  3:35  Marine  
  33  3:42  Marine  
  33  3:45  Factory  
  34  3:49  Marine  
  34  3:53  Marine  
  36  4:00  Marine  
  37  4:02  Barracks Tech Lab  
  37  4:07  Marine  
  38  4:10  Marine  
  39  4:22  Supply Depot  
  39  4:37  Terran Infantry Armor Level 1  
  39  4:44  Marauder  
  41  4:53  Stimpack  
  41  5:06  Marauder  
  43  5:19  Marauder, Marine  
  43  5:20  Marine  
  47  5:26  Supply Depot  
  47  5:29  Supply Depot  
  47  5:30  Supply Depot  
  47  5:40  Command Center  
  47  5:47  Marine  
  47  5:48  Marauder x2  
  52  6:20  Factory  
  52  6:22  Factory  
  52  6:24  Command Center  
  52  6:28  Marine x3  
  52  6:29  Marine  
  56  6:46  Marine x2  
  58  6:56  Orbital Command  
  58  7:04  Missile Turret  
  58  7:32  SCV  
  58  7:35  Planetary Fortress  
  59  7:42  Command Center  
  59  7:44  SCV  
  59  7:48  Factory Tech Lab x3  
  60  7:55  SCV  
  60  7:56  SCV  
  54  8:07  SCV  
  54  8:08  SCV  
  50  8:15  Marauder x2  
  50  8:19  SCV  
  55  8:20  SCV  
  55  8:23  Barracks Tech Lab  
  55  8:24  Concussive Shells  
  55  8:26  Barracks Tech Lab  
  56  8:29  Siege Tank  
  56  8:32  SCV  
  56  8:33  SCV  
  61  8:37  Marauder x2  
  65  8:44  SCV  
  67  8:48  SCV  
  67  9:00  SCV  
  67  9:01  Siege Tank x2  
  74  9:12  SCV  
  75  9:17  Armory  
  75  9:22  Armory  
  75  9:24  SCV  
  75  9:25  Refinery  
  75  9:27  Refinery, SCV  
  75  9:30  Refinery  
  77  9:32  SCV  
  77  9:33  Cyclone  
  77  9:37  SCV x2  
  83  9:39  SCV  
  83  9:44  SCV  
  85  9:49  SCV x2  
  85  9:51  SCV  
  88  9:56  SCV  
  91  10:00  Marauder x4  
  91  10:01  SCV  
  91  10:02  SCV  
  100  10:08  Planetary Fortress  
  100  10:09  SCV  
  100  10:14  SCV  
  101  10:21  Marauder x2, SCV  
  104  10:22  Marauder  
  104  10:24  Sensor Tower  
  108  10:36  SCV  
  109  10:43  Missile Turret x2  
  109  10:45  Bunker  
  109  10:48  SCV  
  110  10:51  Marauder x2  
  110  10:52  Marauder  
  116  11:02  Missile Turret  
  116  11:05  Missile Turret  
  116  11:08  Supply Depot x2  
  116  11:09  Supply Depot  
  116  11:10  Supply Depot  
  116  11:11  Supply Depot  
  116  11:13  Supply Depot x2  
  116  11:16  Supply Depot  
  116  11:30  Marauder x4, Thor x2  
  136  11:36  Refinery  
  136  11:38  Refinery  
  136  12:00  Marine x4  
  140  12:05  Thor  
  146  12:13  Thor x2  
  146  12:15  Missile Turret x2  
  158  12:16  Missile Turret x2  
  158  12:18  Marine x4  
  158  12:19  Missile Turret  
  158  12:22  Missile Turret  
  147  12:36  Marine x3  
  112  12:37  Missile Turret  
  112  12:40  Missile Turret  
  112  12:47  Thor  
  118  12:55  Thor  
  124  13:27  Terran Vehicle Weapons Level 1  
  124  13:31  Terran Vehicle And Ship Armor Level 1  
  124  13:36  Thor x2  
  135  13:41  Refinery  
  32  15:03  Marine x2  
  32  15:14  Missile Turret  
  32  15:15  Missile Turret  
  32  15:18  Missile Turret  
  32  15:21  Marine x2  
  34  15:24  Thor x2  
  34  15:25  Thor  
  36  15:38  Marine x2  
  30  15:56  Marine  
  22  16:14  Marine  
Show
View Real Time Build Order
Export as new Build Order

SHIPWRECK Zerg 

Build Orders: Pool First 

Get SALT Encoding   

  12  0:02  Drone  
  13  0:14  Drone  
  13  0:21  Overlord  
  14  0:28  Overlord  
  14  0:45  Drone x2  
  16  0:50  Extractor  
  16  0:51  Extractor  
  14  0:58  Drone x2  
  16  1:09  Drone  
  17  1:15  Spawning Pool  
  16  1:20  Drone  
  17  1:32  Drone  
  18  1:42  Drone  
  19  1:52  Drone  
  20  2:02  Drone  
  21  2:13  Drone  
  22  2:24  Drone  
  23  2:33  Roach Warren  
  22  2:48  Lair  
  22  2:50  Zergling x4  
  24  2:52  Metabolic Boost  
  24  3:16  Hatchery  
  23  3:24  Roach x3  
  29  3:52  Glial Reconstitution  
  29  3:56  Overlord  
  29  3:58  Overlord  
  29  4:00  Overlord  
  29  4:09  Queen  
  29  4:10  Hatchery  
  29  4:15  Drone  
  31  4:18  Drone  
  32  4:38  Roach x2  
  36  4:49  Roach x2  
  38  5:11  Queen  
  36  5:14  Drone x2  
  36  5:15  Drone x4  
  42  5:34  Drone x2  
  44  5:45  Queen  
  44  5:47  Pneumatized Carapace  
  46  6:05  Roach  
  46  6:06  Roach x8  
  46  6:08  Tunneling Claws  
  64  6:15  Evolution Chamber  
  64  6:16  Drone, Evolution Chamber  
  64  6:17  Evolution Chamber  
  63  6:18  Drone x2  
  64  6:26  Drone, Extractor x2  
  64  6:27  Drone x2  
  64  6:29  Drone  
  64  6:30  Burrow  
  66  6:40  Zerg Missile Weapons Level 1  
  66  6:43  Zerg Ground Armor Level 1  
  66  6:51  Overlord  
  66  6:52  Overlord  
  66  6:57  Overlord  
  66  7:01  Overlord  
  66  7:06  Overlord  
  66  7:10  Overlord  
  66  7:23  Zerg Melee Weapons Level 1  
  66  7:32  Hydralisk Den  
  66  7:36  Infestation Pit  
  64  7:39  Spire  
  64  7:44  Drone x3  
  65  7:47  Drone x3  
  65  7:48  Drone  
  70  7:52  Drone  
  70  7:53  Drone  
  72  8:01  Drone x4  
  72  8:05  Drone x2  
  72  8:23  Drone  
  72  8:25  Spire  
  72  8:30  Drone  
  72  8:31  Drone x5  
  72  8:32  Drone x3  
  81  8:41  Spore Crawler, Roach x9  
  81  8:42  Spore Crawler  
  81  8:44  Spore Crawler  
  81  8:47  Drone x2  
  81  8:48  Spore Crawler  
  79  8:52  Zerg Missile Weapons Level 2  
  57  9:11  Mutalisk  
  57  9:12  Mutalisk x3  
  57  9:16  Drone x3  
  57  9:17  Drone  
  69  9:22  Drone  
  69  9:23  Drone x3  
  73  9:24  Drone  
  74  9:35  Zerg Flyer Weapons Level 1  
  74  9:37  Zerg Flyer Armor Level 1  
  74  9:42  Drone x3  
  77  9:49  Mutalisk x2  
  81  9:55  Mutalisk  
  83  10:02  Extractor  
  83  10:04  Extractor  
  83  10:06  Drone  
  83  10:07  Drone x2  
  83  10:08  Drone x3  
  87  10:14  Hatchery  
  86  10:28  Extractor  
  85  10:29  Drone x3  
  85  10:31  Extractor  
  85  10:32  Drone x3  
  90  10:37  Drone x3  
  90  10:41  Mutalisk  
  90  10:42  Corruptor x4  
  103  10:50  Overlord  
  103  11:02  Muscular Augments  
  103  11:05  Overlord  
  103  11:06  Overlord  
  103  11:09  Mutalisk, Corruptor  
  107  11:12  Mutalisk  
  109  11:25  Hatchery  
  108  11:27  Extractor  
  108  11:28  Drone, Extractor  
  108  11:29  Drone x2  
  108  11:30  Drone x3  
  112  11:34  Mutalisk x3  
  112  11:35  Mutalisk  
  90  12:03  Corruptor  
  90  12:04  Corruptor x5  
  91  12:32  Lair  
  91  12:37  Spire  
  79  13:08  Drone x2  
  71  13:23  Hatchery  
  71  13:24  Drone x17  
  70  14:01  Corruptor x7  
  70  14:02  Corruptor x10  
  94  14:05  Corruptor  
  106  14:16  Queen  
  108  14:25  Zerg Flyer Weapons Level 2  
  108  14:27  Hive  
  104  15:12  Mutalisk x3  
  104  15:13  Mutalisk x6  
  104  15:14  Mutalisk  
  100  15:25  Mutalisk  
  98  16:09  Drone x11  
  98  16:25  Hatchery  
Tags
 
Add a new tag
Caveats
  • Supply blocks, unpowered buildings, or Contaminate may cause inaccurate times.
  • Supply counts are checked every 10 seconds.